[ AOE2 MATCH · #506020002 ]
UnrankedBritons vs Britons
Player's team · WIN
Rival team · LOSS
[ REPLAY ANALYSIS · EXTRACTED FROM THE RECORDED GAME ]
Feudal
9:16
Castle
27:02
Imperial
42:12
| APM avg | 44.3 |
| APM peak | 96 |
| eAPM avg | 21.4 |
| Villagers / military | 139 / 73 |
Focus
⚔️ 39.4% · 🌾 60.6%
Longbowman ×21 · Archer ×16 · Scout Cavalry ×11 · Fishing Ship ×8 · Fire Galley ×5 · Battering Ram ×5
Feudal
9:51
Castle
23:01
Imperial
45:58
| APM avg | 42.1 |
| APM peak | 94 |
| eAPM avg | 23.1 |
| Villagers / military | 95 / 87 |
Focus
⚔️ 34.8% · 🌾 65.2%
Archer ×78 · Mangonel ×5 · Fishing Ship ×4 · Battering Ram ×3 · Skirmisher ×1
Match map
Initial resources + every placement click. Lines = walls · curves = elevation contours. ◆ gold · ⬟ stone · ● berries · ✦ relic · ◌ wall gap
Your base· Open — unwalled flank
Fs.Janja Guerreira's base· Open — 2t gap
Smoothed initial terrain · ◌ = detected wall gap · hover for details
Inputs per minute
— SSx_SnowwW - - Fs.Janja Guerreira
Build order — SSx_SnowwW
First 150 of 359 actions detected
| 0:01 | Queue | Villager (Male) |
| 0:02 | Build | House |
| 0:03 | Build | House |
| 0:15 | Queue | Villager (Male) ×3 |
| 1:19 | Queue | Villager (Male) |
| 1:44 | Build | Lumber Camp |
| 1:59 | Queue | Villager (Male) |
| 2:19 | Queue | Villager (Male) |
| 2:27 | Build | Palisade Wall |
| 2:37 | Build | Palisade Wall |
| 2:42 | Queue | Villager (Male) |
| 3:19 | Queue | Villager (Male) |
| 3:38 | Queue | Villager (Male) |
| 3:50 | Build | House |
| 3:53 | Build | Palisade Wall |
| 4:01 | Queue | Villager (Male) |
| 4:21 | Queue | Villager (Male) |
| 4:51 | Queue | Villager (Male) |
| 5:02 | Queue | Villager (Male) |
| 5:27 | Queue | Villager (Male) |
| 5:30 | Build | Barracks |
| 5:50 | Queue | Villager (Male) |
| 6:04 | Build | House |
| 6:07 | Build | Palisade Wall |
| 6:39 | Research | Loom |
| 7:01 | Research | Feudal Age |
| 7:11 | Queue | Militia |
| 7:42 | Queue | Militia |
| 7:51 | Build | Mining Camp |
| 7:58 | Queue | Militia |
| 8:12 | Build | House |
| 8:14 | Build | House |
| 8:23 | Build | Dock |
| 8:50 | Queue | Militia |
| 9:16 | Age | Feudal Age |
| 9:18 | Queue | Villager (Male) |
| 9:33 | Research | Man-at-Arms (upgrade) |
| 10:09 | Queue | Unit 2626 |
| 10:24 | Queue | Villager (Male) |
| 10:37 | Queue | Villager (Male) |
| 10:40 | Queue | Unit 2626 |
| 10:46 | Build | Dock |
| 11:08 | Queue | Unit 2626 |
| 11:20 | Queue | Fire Galley |
| 11:23 | Queue | Villager (Male) |
| 11:32 | Queue | Villager (Male) |
| 11:36 | Build | Mill |
| 11:47 | Queue | Fishing Ship |
| 11:49 | Build | House |
| 12:05 | Build | Watch Tower |
| 12:10 | Queue | Fire Galley |
| 12:18 | Queue | Fire Galley |
| 12:18 | Queue | Villager (Male) |
| 12:33 | Queue | Fire Galley |
| 12:44 | Queue | Villager (Male) |
| 12:53 | Build | House |
| 13:01 | Queue | Fishing Ship |
| 13:14 | Build | House |
| 13:16 | Build | Palisade Wall |
| 13:16 | Build | Palisade Wall |
| 13:23 | Queue | Villager (Male) |
| 13:40 | Queue | Fishing Ship |
| 13:59 | Queue | Fire Galley |
| 14:20 | Queue | Villager (Male) |
| 14:27 | Build | Outpost |
| 14:29 | Queue | Villager (Male) |
| 14:47 | Queue | Villager (Male) |
| 14:50 | Build | Farm |
| 14:51 | Research | Double-Bit Axe |
| 15:00 | Build | House |
| 15:20 | Queue | Fishing Ship |
| 15:32 | Queue | Villager (Male) |
| 15:42 | Build | Outpost |
| 15:49 | Build | Palisade Gate |
| 15:53 | Queue | Villager (Male) |
| 16:09 | Queue | Villager (Male) |
| 16:24 | Build | Watch Tower |
| 16:30 | Build | Farm |
| 16:50 | Queue | Villager (Male) |
| 16:52 | Build | Farm |
| 17:11 | Build | House |
| 17:25 | Queue | Villager (Male) |
| 17:28 | Queue | Villager (Male) |
| 17:47 | Build | Archery Range |
| 18:22 | Queue | Villager (Male) |
| 18:23 | Queue | Skirmisher |
| 18:40 | Build | Palisade Gate |
| 18:53 | Queue | Skirmisher |
| 19:09 | Build | Lumber Camp |
| 19:16 | Queue | Villager (Male) |
| 19:18 | Queue | Villager (Male) |
| 19:34 | Queue | Villager (Male) |
| 19:46 | Queue | Villager (Male) |
| 19:53 | Build | Watch Tower |
| 20:03 | Build | Farm |
| 20:06 | Build | Farm |
| 20:07 | Build | Farm |
| 20:15 | Build | Lumber Camp |
| 20:25 | Build | Farm |
| 20:26 | Queue | Fishing Ship |
| 20:35 | Build | Palisade Wall |
| 20:37 | Build | Palisade Wall |
| 20:38 | Build | Palisade Wall |
| 20:38 | Build | Palisade Wall |
| 20:43 | Build | Fish Trap |
| 20:48 | Queue | Villager (Male) |
| 21:01 | Build | Farm |
| 21:15 | Build | Farm |
| 21:16 | Build | Farm |
| 21:17 | Queue | Villager (Male) |
| 21:22 | Build | House |
| 21:23 | Build | House |
| 21:25 | Build | House |
| 21:45 | Queue | Villager (Male) |
| 21:46 | Queue | Archer |
| 21:47 | Queue | Archer |
| 21:55 | Build | Blacksmith |
| 21:58 | Build | House |
| 22:01 | Build | Fish Trap |
| 22:05 | Build | Fish Trap |
| 22:16 | Build | Watch Tower |
| 22:21 | Queue | Villager (Male) |
| 22:23 | Build | Farm |
| 22:40 | Queue | Archer |
| 22:48 | Research | Fletching |
| 22:51 | Build | House |
| 22:52 | Build | House |
| 22:56 | Build | Farm |
| 22:57 | Queue | Villager (Male) |
| 22:59 | Build | Farm |
| 23:00 | Build | Farm |
| 23:01 | Queue | Villager (Male) |
| 23:19 | Build | Watch Tower |
| 23:23 | Queue | Villager (Male) |
| 23:26 | Build | Market |
| 23:44 | Queue | Archer |
| 23:44 | Queue | Archer |
| 23:51 | Build | Palisade Wall |
| 24:01 | Build | House |
| 24:05 | Build | Stone Wall |
| 24:19 | Queue | Demolition Raft |
| 24:22 | Research | Castle Age |
| 24:36 | Build | Palisade Gate |
| 24:50 | Build | Watch Tower |
| 24:55 | Research | Padded Archer Armor |
| 24:56 | Queue | Archer |
| 24:59 | Build | Palisade Wall |
| 25:07 | Build | Palisade Wall |
| 25:08 | Build | Palisade Wall |
| 25:10 | Build | Palisade Wall |
Build order — Fs.Janja Guerreira
First 150 of 329 actions detected
| 0:02 | Queue | Villager (Male) |
| 0:03 | Queue | Villager (Male) |
| 0:03 | Queue | Villager (Male) |
| 0:03 | Queue | Villager (Male) |
| 0:06 | Build | House |
| 0:07 | Build | House |
| 1:28 | Queue | Villager (Male) |
| 1:54 | Build | Lumber Camp |
| 1:54 | Queue | Villager (Male) |
| 2:07 | Queue | Villager (Male) |
| 2:59 | Queue | Villager (Male) |
| 2:59 | Queue | Villager (Male) |
| 3:04 | Queue | Villager (Male) |
| 3:04 | Queue | Villager (Male) |
| 3:21 | Build | House |
| 3:28 | Queue | Villager (Male) |
| 3:28 | Queue | Villager (Male) |
| 3:34 | Build | House |
| 3:47 | Queue | Villager (Male) |
| 3:47 | Queue | Villager (Male) |
| 3:52 | Build | House |
| 4:40 | Build | Dock |
| 4:42 | Queue | Villager (Male) |
| 5:07 | Queue | Villager (Male) |
| 5:07 | Queue | Villager (Male) |
| 5:14 | Build | House |
| 5:17 | Build | House |
| 5:37 | Queue | Fishing Ship |
| 5:50 | Queue | Villager (Male) |
| 5:54 | Queue | Fishing Ship |
| 6:10 | Queue | Villager (Male) |
| 6:17 | Build | House |
| 6:54 | Queue | Villager (Male) |
| 6:54 | Research | Loom |
| 7:41 | Research | Feudal Age |
| 7:43 | Build | House |
| 8:00 | Queue | Fishing Ship |
| 8:15 | Build | House |
| 8:43 | Build | Barracks |
| 9:17 | Queue | Villager (Male) |
| 9:18 | Queue | Villager (Male) |
| 9:39 | Build | Dock |
| 9:42 | Queue | Villager (Male) |
| 9:42 | Queue | Villager (Male) |
| 9:51 | Age | Feudal Age |
| 9:57 | Build | House |
| 10:28 | Build | Palisade Wall |
| 10:29 | Build | Palisade Wall |
| 10:29 | Build | Palisade Wall |
| 10:30 | Build | Palisade Wall |
| 10:33 | Build | Mining Camp |
| 10:37 | Build | Palisade Wall |
| 10:42 | Queue | Villager (Male) |
| 10:42 | Queue | Villager (Male) |
| 10:50 | Build | Palisade Wall |
| 10:58 | Build | Palisade Wall |
| 11:20 | Build | Archery Range |
| 11:25 | Queue | Villager (Male) |
| 11:44 | Research | Double-Bit Axe |
| 11:51 | Build | House |
| 11:54 | Build | Palisade Wall |
| 12:09 | Build | Palisade Wall |
| 12:22 | Queue | Archer |
| 12:22 | Queue | Archer |
| 12:23 | Queue | Archer |
| 12:31 | Build | Mill |
| 12:36 | Queue | Archer |
| 12:49 | Queue | Archer |
| 13:00 | Queue | Fishing Ship |
| 13:08 | Build | Palisade Wall |
| 13:12 | Build | Palisade Wall |
| 13:14 | Build | Palisade Wall |
| 13:16 | Build | Palisade Wall |
| 13:16 | Build | Palisade Wall |
| 13:21 | Build | Palisade Wall |
| 13:28 | Queue | Archer |
| 13:37 | Build | Lumber Camp |
| 13:42 | Queue | Archer |
| 13:46 | Queue | Archer |
| 14:25 | Build | House |
| 14:36 | Queue | Villager (Male) |
| 14:36 | Queue | Villager (Male) |
| 14:36 | Queue | Villager (Male) |
| 14:58 | Build | Farm |
| 15:01 | Build | House |
| 15:02 | Build | Palisade Wall |
| 15:07 | Build | Farm |
| 15:09 | Build | Farm |
| 15:09 | Queue | Villager (Male) |
| 15:36 | Build | Farm |
| 15:40 | Queue | Villager (Male) |
| 16:17 | Queue | Villager (Male) |
| 16:19 | Build | Farm |
| 16:32 | Build | Watch Tower |
| 16:39 | Build | Farm |
| 16:46 | Build | Farm |
| 16:49 | Build | Farm |
| 16:49 | Queue | Villager (Male) |
| 16:51 | Build | Farm |
| 16:55 | Queue | Villager (Male) |
| 17:02 | Queue | Villager (Male) |
| 17:10 | Queue | Archer |
| 17:12 | Queue | Villager (Male) |
| 17:18 | Build | Farm |
| 17:29 | Queue | Villager (Male) |
| 17:58 | Queue | Villager (Male) |
| 17:59 | Queue | Villager (Male) |
| 18:00 | Queue | Villager (Male) |
| 19:05 | Build | Blacksmith |
| 19:11 | Build | Farm |
| 19:14 | Queue | Villager (Male) |
| 19:24 | Build | House |
| 19:25 | Build | Palisade Wall |
| 19:48 | Queue | Archer |
| 19:49 | Queue | Archer |
| 20:10 | Build | House |
| 20:12 | Build | House |
| 20:21 | Research | Castle Age |
| 20:34 | Build | Market |
| 20:42 | Queue | Archer |
| 20:42 | Queue | Archer |
| 21:01 | Build | Palisade Wall |
| 21:03 | Build | Palisade Wall |
| 21:04 | Build | Palisade Wall |
| 21:10 | Build | Mining Camp |
| 21:21 | Build | Palisade Wall |
| 21:22 | Build | Palisade Wall |
| 21:29 | Queue | Villager (Male) |
| 21:33 | Build | Palisade Wall |
| 21:35 | Research | Fletching |
| 21:36 | Queue | Archer |
| 21:37 | Queue | Archer |
| 21:37 | Queue | Skirmisher |
| 22:01 | Queue | Villager (Male) |
| 22:02 | Queue | Villager (Male) |
| 22:11 | Research | Padded Archer Armor |
| 22:16 | Build | House |
| 22:18 | Build | House |
| 22:19 | Build | Palisade Wall |
| 22:23 | Queue | Archer |
| 22:23 | Queue | Archer |
| 22:47 | Queue | Archer |
| 22:50 | Build | Archery Range |
| 23:01 | Age | Castle Age |
| 23:05 | Research | Crossbowman (upgrade) |
| 23:06 | Research | Bodkin Arrow |
| 23:31 | Build | House |
| 23:36 | Research | Leather Archer Armor |
| 23:38 | Queue | Archer |
| 23:39 | Queue | Archer |
Match timeline
| 2:27 | SSx_SnowwW · wall_segment Palisade Wall x1 |
| 2:37 | SSx_SnowwW · wall_segment Palisade Wall x1 |
| 3:53 | SSx_SnowwW · wall_segment Palisade Wall x1 |
| 4:40 | Fs.Janja Guerreira · first_building Dock |
| 5:30 | SSx_SnowwW · first_building Barracks |
| 6:07 | SSx_SnowwW · wall_segment Palisade Wall x1 |
| 8:23 | SSx_SnowwW · first_building Dock |
| 8:43 | Fs.Janja Guerreira · first_building Barracks |
| 9:16 | SSx_SnowwW · age_up feudal |
| 9:51 | Fs.Janja Guerreira · age_up feudal |
| 10:28 | Fs.Janja Guerreira · wall_segment Palisade Wall x1 |
| 10:29 | Fs.Janja Guerreira · wall_segment Palisade Wall x1 |
| 10:29 | Fs.Janja Guerreira · wall_segment Palisade Wall x1 |
| 10:30 | Fs.Janja Guerreira · wall_segment Palisade Wall x1 |
| 10:37 | Fs.Janja Guerreira · wall_segment Palisade Wall x5 |
| 10:50 | Fs.Janja Guerreira · wall_segment Palisade Wall x1 |
| 10:58 | Fs.Janja Guerreira · wall_segment Palisade Wall x1 |
| 11:20 | Fs.Janja Guerreira · first_building Archery Range |
| 11:54 | Fs.Janja Guerreira · wall_segment Palisade Wall x7 |
| 12:09 | Fs.Janja Guerreira · wall_segment Palisade Wall x1 |
| 13:08 | Fs.Janja Guerreira · wall_segment Palisade Wall x1 |
| 13:12 | Fs.Janja Guerreira · wall_segment Palisade Wall x1 |
| 13:14 | Fs.Janja Guerreira · wall_segment Palisade Wall x1 |
| 13:16 | SSx_SnowwW · wall_segment Palisade Wall x1 |
| 13:16 | Fs.Janja Guerreira · wall_segment Palisade Wall x1 |
| 13:16 | SSx_SnowwW · wall_segment Palisade Wall x1 |
| 13:16 | Fs.Janja Guerreira · wall_segment Palisade Wall x1 |
| 13:21 | Fs.Janja Guerreira · wall_segment Palisade Wall x1 |
| 15:02 | Fs.Janja Guerreira · wall_segment Palisade Wall x1 |
| 17:47 | SSx_SnowwW · first_building Archery Range |
| 19:25 | Fs.Janja Guerreira · wall_segment Palisade Wall x1 |
| 20:35 | SSx_SnowwW · wall_segment Palisade Wall x1 |
| 20:37 | SSx_SnowwW · wall_segment Palisade Wall x1 |
| 20:38 | SSx_SnowwW · wall_segment Palisade Wall x1 |
| 20:38 | SSx_SnowwW · wall_segment Palisade Wall x1 |
| 21:01 | Fs.Janja Guerreira · wall_segment Palisade Wall x1 |
| 21:03 | Fs.Janja Guerreira · wall_segment Palisade Wall x2 |
| 21:04 | Fs.Janja Guerreira · wall_segment Palisade Wall x5 |
| 21:21 | Fs.Janja Guerreira · wall_segment Palisade Wall x1 |
| 21:22 | Fs.Janja Guerreira · wall_segment Palisade Wall x1 |
| 21:33 | Fs.Janja Guerreira · wall_segment Palisade Wall x1 |
| 22:19 | Fs.Janja Guerreira · wall_segment Palisade Wall x1 |
| 23:01 | Fs.Janja Guerreira · age_up castle |
| 23:51 | SSx_SnowwW · wall_segment Palisade Wall x8 |
| 24:05 | SSx_SnowwW · wall_segment Stone Wall x3 |
| 24:35 | Fs.Janja Guerreira · first_building Siege Workshop |
| 24:47 | SSx_SnowwW · first_market_buy 100 stone |
| 24:59 | SSx_SnowwW · wall_segment Palisade Wall x4 |
| 25:07 | SSx_SnowwW · wall_segment Palisade Wall x1 |
| 25:08 | SSx_SnowwW · wall_segment Palisade Wall x1 |
| 25:10 | SSx_SnowwW · wall_segment Palisade Wall x1 |
| 25:27 | Fs.Janja Guerreira · wall_segment Palisade Wall x1 |
| 25:36 | Fs.Janja Guerreira · first_market_buy 100 wood |
| 27:02 | SSx_SnowwW · age_up castle |
| 27:09 | SSx_SnowwW · first_building Siege Workshop |
| 27:15 | SSx_SnowwW · first_market_sell 100 wood |
| 27:33 | Fs.Janja Guerreira · first_market_sell 100 stone |
| 30:42 | Fs.Janja Guerreira · first_building Castle |
| 33:16 | SSx_SnowwW · first_building Castle |
| 37:55 | Fs.Janja Guerreira · wall_segment Stone Wall x3 |
| 37:58 | Fs.Janja Guerreira · wall_segment Stone Wall x4 |
| 37:59 | Fs.Janja Guerreira · wall_segment Stone Wall x2 |
| 38:00 | Fs.Janja Guerreira · wall_segment Stone Wall x1 |
| 38:00 | Fs.Janja Guerreira · wall_segment Stone Wall x1 |
| 39:26 | SSx_SnowwW · wall_segment Palisade Wall x1 |
| 39:27 | SSx_SnowwW · wall_segment Palisade Wall x1 |
| 39:27 | SSx_SnowwW · wall_segment Palisade Wall x1 |
| 39:28 | SSx_SnowwW · wall_segment Palisade Wall x1 |
| 39:29 | SSx_SnowwW · wall_segment Palisade Wall x1 |
| 40:51 | SSx_SnowwW · wall_segment Palisade Wall x1 |
| 40:52 | SSx_SnowwW · wall_segment Palisade Wall x1 |
| 41:47 | SSx_SnowwW · first_building Stable |
| 42:07 | Fs.Janja Guerreira · wall_segment Stone Wall x1 |
| 42:12 | SSx_SnowwW · age_up imperial |
| 42:21 | Fs.Janja Guerreira · first_building Monastery |
| 44:14 | Fs.Janja Guerreira · wall_segment Stone Wall x1 |
| 44:15 | Fs.Janja Guerreira · wall_segment Stone Wall x8 |
| 44:16 | Fs.Janja Guerreira · wall_segment Stone Wall x4 |
| 44:19 | Fs.Janja Guerreira · wall_segment Stone Wall x8 |
| 45:58 | Fs.Janja Guerreira · age_up imperial |
| 47:05 | Fs.Janja Guerreira · resign |
[ AI ANALYSIS · 1 CREDIT ]
What really happened in this match?
Wolo.gg analyzes every decision: build order, eco, micro, common mistakes by bracket. Personalized analysis on WhatsApp or Discord in 30 seconds.
Civ guide
Britons
Perfil
Jugador #589214